 Dungeon Crawl Stone Soup version 0.29.1 (webtiles) character file.

Game seed: 16711353515174737822

12697 xian the Slicer (level 11, -1/78 HPs)
             Began as a Demonspawn Artificer on Sept 12, 2022.
             Was a High Priest of Okawaru.
             Killed by divine providence
             ... invoked by a meliai
              (14 damage)
             ... on level 12 of the Dungeon on Sept 13, 2022.
             The game lasted 00:49:17 (14814 turns).

xian the Slicer (Demonspawn Artificer)             Turns: 14814, Time: 00:49:18

Health: -1/78      AC: 17    Str: 21    XL:     11   Next: 65%
Magic:  11/11      EV: 18    Int: 13    God:    Okawaru [*****.]
Gold:   901        SH: 11    Dex: 14    Spells: 10/10 levels left

rFire   . . .      SeeInvis +   u - +3 dagger (drain)
rCold   . . .      Faith    .   z - +0 buckler
rNeg    . . .      Spirit   .   W - +0 acid dragon scales
rPois   .          Reflect  +   (no helmet)
rElec   .          Harm     .   Q - +0 cloak
rCorr   +          Rampage  .   (gloves unavailable)
Will    .....                   J - +3 pair of boots of Greater Demons {Str+5 SInv}
Stlth   +++.......              o - amulet of reflection
HPRegen 0.23/turn               p - +4 ring of protection
MPRegen 0.12/turn               y - +4 ring of evasion

@: about to teleport
A: claws 3, spiny 1, sharp scales 2
a: Renounce Religion, Heroism, Finesse, Duel


You were on level 12 of the Dungeon.
You worshipped Okawaru.
Okawaru was extremely pleased with you.
You visited 2 branches of the dungeon, and saw 13 of its levels.
You also visited: Bailey.

You collected 901 gold pieces.

Inventory:

Hand Weapons
 u - a +3 dagger of draining (weapon)
 M - a +4 shortbow of chaos
Missiles
 b - 5 javelins (quivered)
 h - 22 boomerangs
 E - 3 atropa-tipped darts
 N - 3 poisoned darts
 P - 2 curare-tipped darts
 V - 3 datura-tipped darts
Armour
 k - a +2 robe of positive energy
 z - a +0 buckler (worn)
 C - a scarf of harm
 H - +0 steam dragon scales
 J - the +3 pair of boots of Greater Demons (worn) {Str+5 SInv}
   (You acquired it in a bailey)

   Str:       It affects your strength (+5).
   SInv:      It lets you see invisible.
 Q - a +0 cloak (worn)
 U - a scarf of invisibility
 W - +0 acid dragon scales (worn)
Jewellery
 o - an amulet of reflection (around neck)
 p - a +4 ring of protection (left claw)
 y - a +4 ring of evasion (right claw)
 F - an amulet of regeneration
Wands
 c - a wand of flame (18)
 d - a wand of charming (17)
 e - a wand of iceblast (5)
 x - a wand of roots (16)
Scrolls
 f - 3 scrolls of immolation
 g - 3 scrolls of fear
 j - 2 scrolls of blinking
 q - 5 scrolls of teleportation
 r - a scroll of torment
 s - 5 scrolls of enchant weapon
 v - a scroll of magic mapping {unknown}
 L - 2 scrolls of enchant armour
 O - a scroll of poison
 R - a scroll of butterflies {unknown}
 S - 2 scrolls of vulnerability {unknown}
Potions
 a - 6 potions of curing {unknown}
 i - 5 potions of ambrosia {unknown}
 l - 2 potions of berserk rage
 m - 2 potions of lignification
 n - 2 potions of flight
 t - 5 potions of heal wounds
 A - a potion of magic
 B - 2 potions of mutation {unknown}
 D - 4 potions of invisibility {unknown}
 G - 4 potions of attraction {unknown}
 I - 2 potions of cancellation {unknown}
 K - a potion of haste {unknown}
 T - a potion of might
Miscellaneous
 w - a piece from Xom's chessboard (15/15)


   Skills:
 + Level 4.9 Fighting
 + Level 8.9 Short Blades
 + Level 0.2 Maces & Flails
 + Level 6.5 Throwing
 + Level 2.5 Armour
 + Level 7.9 Dodging
 + Level 6.2 Stealth
 + Level 7.0 Shields
 + Level 4.2 Evocations


You had 10 spell levels left.
You didn't know any spells.
Your spell library contained the following spells:

 Spells                   Type           Power      Damage    Failure   Level
 Apportation              Tloc           0%         N/A       45%         1
 Necrotise                Necr           0%         1d4       45%         1
 Blink                    Tloc           0%         N/A       58%         2
 Vampiric Draining        Necr           0%         2d6       83%         3
 Airstrike                Air            0%         2d(0-16)  99%         4
 Agony                    Necr           0%         N/A       100%        5
 Alistair's Intoxication  Tmut/Pois      0%         N/A       100%        5
 Lightning Bolt           Conj/Air       0%         1d11      100%        5
 Manifold Assault         Tloc           0%         N/A       100%        5
 Storm Form               Tmut/Air       0%         N/A       100%        7
 Summon Lightning Spire   Summ/Air       Unusable   N/A       N/A         4
 Malign Gateway           Summ/Tloc      Unusable   N/A       N/A         7
 Summon Horrible Things   Summ           Unusable   N/A       N/A         8

Dungeon Overview and Level Annotations

Branches:
Dungeon (12/15)            Temple (1/1) D:4            Lair (0/5) D:10
 Bailey (visited)
    Orc: D:9-12

Altars:
Ashenzari
Cheibriados
Dithmenos
Fedhas
Gozag
Hepliaklqana
Kikubaaqudgha
Makhleb
Nemelex Xobeh
Okawaru
Qazlal
Ru
Sif Muna
Trog
Uskayaw
Vehumet
Wu Jian
Xom
Yredelemnul
Jiyva

Shops:
D:10 *

Annotations:
D:8 3 runed translucent doors, ShnitzelX2's ghost, novice MeWr
D:10 3 runed translucent doors, videwesjr's ghost, novice MiFi
D:11 exclusion: statue


Innate Abilities, Weirdness & Mutations

You have claws for hands.
You are partially covered in sharp spines.
You are mostly covered in razor-sharp scales. (AC +2, Slay +2)


Message History

The meliai is moderately wounded.
The javelin closely misses the meliai.
The meliai calls down the wrath of its god upon you.
Something smites you!
The meliai calls upon its god to heal the meliai.
The meliai is healed somewhat.
The meliai is struck by your spines. The meliai completely misses you.
You block the meliai's attack.
The meliai invokes the aid of its god against you.
Something smites you!
* * * LOW HITPOINT WARNING * * *
Your Shields skill increases to level 7!
You are too injured to fight recklessly!
Unknown command.
Throw: 6 javelins
Press: ? - help, Q - select action, (/) - cycle Shift-Dir - straight line, f/p - meliai
Aim: a meliai, wielding a +0 war axe and wearing a +0 leather armour (severely wounded, 54% to hit)
You throw a javelin.
The javelin pierces through the meliai!!
You kill the meliai!
Okawaru accepts your kill.
The javelin closely misses the meliai. x2
The meliai invokes the aid of its god against you.
Something smites you!
* * * LOW HITPOINT WARNING * * *
You block the meliai's attack. x2
You feel much better. You block the meliai's attack.
The meliai barely misses you. x2; The meliai closely misses you.
As you read the scroll of teleportation, it crumbles to dust.
You feel strangely unstable.
The meliai calls upon its god to heal the meliai.
The meliai's wounds heal themselves!
You block the meliai's attack.
The meliai stings you but does no damage.
The meliai invokes the aid of its god against you.
Something smites you!
* * * LOW HITPOINT WARNING * * *
The meliai hits you but does no damage. The meliai closely misses you.
You barely miss the meliai.
The meliai invokes the aid of its god against you.
Something smites you!
You die...

#......# #..# #......# #..#
....... #......# #..#
....!.. #......# #..#
....... #......# #..#
....... . #......# #^.#
....... .####......# #..#
(....).
......####.###..####.......
......# #......@yy....(..)
......# #......####...#...
......# #......# ...#
......# #......# ...#
^.....# #......# ...#
......# #......# ...#
......# #......# ...#
...<..# #......# ...#
......#


You could see 2 meliai.

Vanquished Creatures
  An orc warlord (Bailey)
  A two-headed ogre (D:11)
  A manticore (D:12)
  2 cyclopes (D:11)
  An ugly thing (D:10)
  An unseen horror (D:10)
  Psyche (D:11)
  A meliai (D:12)
  A troll (D:9)
  2 hornets (D:11)
  A shadow (D:9)
  3 wraiths
  A vampire (D:10)
  8 yaks
  2 wyverns
  6 steam dragons
  2 acid dragons (D:11)
  7 water moccasins
  2 sky beasts
  5 black bears
  6 orc warriors
  An ice beast (D:6)
  An ogre (D:4)
  3 phantoms
  2 centaurs
  3 kobold brigands
  A necrophage (D:5)
  A gnoll sergeant (D:9)
  6 bullfrogs
  5 scorpions
  8 wights (D:9)
  4 howler monkeys
  A crimson imp (D:6)
  3 hounds
  2 jellies
  A gnoll bouda (D:5)
  4 orc priests
  2 iguanas
  17 orc wizards
  11 gnolls
  12 adders
  5 river rats (D:6)
  A shadow imp (D:7)
  A white imp (D:6)
  An ufetubus (D:6)
  4 worms
  2 dart slugs (D:3)
  33 orcs
  6 bats
  9 endoplasms
  6 giant cockroaches
  9 goblins
  10 hobgoblins
  3 jackals (D:1)
  22 kobolds
  9 quokkas
  9 ball pythons
  2 frilled lizards
  19 rats
  A butterfly (D:4)
295 creatures vanquished.

Vanquished Creatures (others)
  35 fungi
  41 plants
  9 toadstools
85 creatures vanquished.

Grand Total: 380 creatures vanquished

Notes
Turn   | Place    | Note
-------+----------+-------------------------------------------
     0 | D:1      | xian the Demonspawn Artificer began the quest for the Orb.
     0 | D:1      | Reached XP level 1. HP: 15/15 MP: 1/1
   249 | D:1      | Reached skill level 1 in Dodging
   442 | D:1      | Gained mutation: You are partially covered in sharp spines.
                  | [demonic ancestry]
   442 | D:1      | Reached XP level 2. HP: 21/21 MP: 2/2
  1368 | D:1      | Reached XP level 3. HP: 21/26 MP: 3/3
  1801 | D:2      | Found a shimmering altar of Xom.
  2094 | D:2      | Reached skill level 1 in Short Blades
  2330 | D:3      | Reached skill level 1 in Stealth
  2330 | D:3      | Reached XP level 4. HP: 32/32 MP: 4/4
  3020 | D:3      | Gained mutation: You are partially covered in razor-sharp
                  | scales. (AC +1, Slay +1) [demonic ancestry]
  3020 | D:3      | Reached XP level 5. HP: 32/37 MP: 5/5
  3774 | D:4      | Noticed an ogre
  3787 | D:4      | Killed an ogre
  3788 | D:4      | Reached skill level 2 in Short Blades
  4138 | D:4      | Found an ornate altar of the Wu Jian Council.
  4170 | D:4      | Reached skill level 1 in Shields
  4239 | D:4      | Gained mutation: You have sharp fingernails. [demonic
                  | ancestry]
  4239 | D:4      | Reached XP level 6. HP: 41/44 MP: 6/6
  4281 | D:4      | Found a broken altar of Ashenzari.
  4282 | D:4      | Found a blossoming altar of Fedhas.
  4487 | D:4      | Found a staircase to the Ecumenical Temple.
  4556 | Temple   | Entered the Ecumenical Temple
  4584 | Temple   | Became a worshipper of Warmaster Okawaru
  4631 | D:4      | Found a shimmering altar of Xom.
  4702 | D:4      | Reached skill level 3 in Short Blades
  4766 | D:4      | Noticed a moth of wrath
  4769 | D:4      | Found a bloodstained altar of Trog.
  4788 | D:4      | Reached XP level 7. HP: 50/50 MP: 7/7
  5140 | D:5      | Entered Level 5 of the Dungeon
  5262 | D:5      | Found a sacrificial altar of Ru.
  5381 | D:5      | Reached * piety under Okawaru
  5639 | D:5      | Reached skill level 4 in Short Blades
  5933 | D:5      | Gained mutation: You are mostly covered in razor-sharp
                  | scales. (AC +2, Slay +2) [demonic ancestry]
  5933 | D:5      | Reached XP level 8. HP: 55/57 MP: 8/8
  6228 | D:6      | Reached skill level 1 in Throwing
  6278 | D:6      | Reached skill level 5 in Short Blades
  6407 | D:6      | Reached ** piety under Okawaru
  6739 | D:6      | Reached skill level 5 in Dodging
  7662 | D:7      | Gained mutation: You have very sharp fingernails. [demonic
                  | ancestry]
  7662 | D:7      | Reached XP level 9. HP: 63/63 MP: 9/9
  7934 | D:7      | Reached *** piety under Okawaru
  7939 | D:7      | Found a shimmering blue altar of Sif Muna.
  8481 | D:8      | Found a flagged portal.
  8490 | D:8      | Identified the +1 hand axe of Biosazod {holy, rPois Dex+3}
  8493 | Bailey   | Entered a bailey
  8506 | Bailey   | Noticed an orc warlord
  8570 | Bailey   | Reached skill level 6 in Short Blades
  8616 | Bailey   | Found a runed translucent gate.
  8618 | Bailey   | Found a runed translucent gate.
  8627 | Bailey   | Found a runed translucent gate.
  8879 | Bailey   | HP: 4/96 [orc warlord/+4 battleaxe (6)]
  8887 | Bailey   | Killed an orc warlord
  8888 | Bailey   | Reached skill level 5 in Stealth
  9313 | Bailey   | Acquired the +3 pair of boots of Greater Demons {Str+5
                  | SInv}
  9494 | D:8      | Found a runed translucent gate.
  9495 | D:8      | Found a runed translucent gate.
  9496 | D:8      | Found a runed translucent gate.
  9499 | D:8      | Found a viscous altar of Jiyva.
  9499 | D:8      | Noticed ShnitzelX2's ghost (novice MeWr)
  9582 | D:8      | Reached **** piety under Okawaru
  9743 | D:8      | Gained mutation: You have claws for hands. [demonic
                  | ancestry]
  9743 | D:8      | Reached XP level 10. HP: 58/71 MP: 10/10
  9821 | D:8      | Noticed an angel
  9959 | D:8      | Reached skill level 7 in Short Blades
  9959 | D:8      | Reached skill level 5 in Shields
 10471 | D:9      | Found a snail-covered altar of Cheibriados.
 10655 | D:9      | Found an opulent altar of Gozag.
 11327 | D:9      | Received a gift from Okawaru
 11340 | D:9      | Found an ancient bone altar of Kikubaaqudgha.
 11440 | D:9      | Found a basalt altar of Yredelemnul.
 11656 | D:9      | Found a sparkling altar of Nemelex Xobeh.
 11718 | D:9      | Reached ***** piety under Okawaru
 11946 | D:10     | Entered Level 10 of the Dungeon
 11964 | D:10     | Found a hide-covered altar of Uskayaw.
 12036 | D:10     | Noticed a purple ugly thing
 12048 | D:10     | Reached skill level 8 in Short Blades
 12057 | D:10     | Reached skill level 5 in Throwing
 12061 | D:10     | Killed a purple ugly thing
 12073 | D:10     | Reached XP level 11. HP: 35/78 MP: 11/11
 12104 | D:10     | Found a staircase to the Lair.
 13019 | D:10     | Found Omunanus's Demolitions Depot.
 13114 | D:10     | Found a runed translucent gate.
 13116 | D:10     | Noticed a ten-headed hydra
 13117 | D:10     | Found a runed translucent gate.
 13117 | D:10     | Noticed videwesjr's ghost (novice MiFi)
 13118 | D:10     | Found a runed translucent gate.
 13119 | D:10     | Noticed a 12-headed hydra
 13337 | D:11     | Received a gift from Okawaru
 13359 | D:11     | Received a gift from Okawaru
 13452 | D:11     | Noticed a two-headed ogre
 13480 | D:11     | Killed a two-headed ogre
 13838 | D:11     | Noticed Psyche
 13857 | D:11     | Killed Psyche
 14670 | D:11     | Found a radiant altar of Vehumet.
 14811 | D:12     | HP: 3/78 [meliai/divine providence (14)]
 14814 | D:12     | Killed from afar by a meliai

Illustrated notes

Levels and vault maps discovered:
D:1:      ldierk_walled_garden_2, layout_basic
D:2:      layout_rooms, basic_altar
D:3:      cheibrodos_helix_gallery, layout_basic, minmay_gold_behind_fungi,
          minmay_fractal_squares_5
D:4:      layout_cave_pods, mainiacjoe_overflow_brackets, ashenzari_altar_1,
          fedhas_altar_3, tgw_trog, xom_butterflies, minmay_temple_entry_grid,
          serial_park, serial_park_tiny_pond, serial_park_tiny_pond
D:5:      layout_loops_ring, nicolae_ru_awakened_eye
D:6:      lemuel_ratsnest, layout_basic, minmay_fire_ice_demons
D:7:      layout_gridville, kennysheep_orc_sif_temple
D:8:      layout_basic, zin_angel, enter_bailey_2, gammafunk_ghost_ooze,
          kennysheep_generic_room_16
D:9:      cheibrodos_steamvent, layout_cross,
          nicolae_kikubaaqudgha_miasma_corner,
          mainiacjoe_overflow_surrounded_room, lemuel_round_altar,
          grunt_temple_overflow_open
D:10:     minmay_general_purpose_star, layout_rooms,
          nicolae_uskayaw_dance_studio, due_lair_maze_entry_diamond,
          gammafunk_ghost_hydra_chop, nicolae_blasting_shop
D:11:     layout_gridville, vehumet_statue, uniq_psyche
D:12:     layout_long_grid, orc_0_dummy
Temple:   hellmonk_temple_rainy

Skill      XL: |  1  2  3  4  5  6  7  8  9 10 11 |
---------------+----------------------------------+-----
Dodging        | 1 2 3 4 5 6 7 |  7.9
Armour         | 2 |  2.5
Short Blades   | 1 2 3 4 5 6 8 |  8.9
Stealth        | 1 2 3 4 5 6 |  6.2
Evocations     | 4 |  4.2
Shields        | 1 2 3 4 6 7 |  7.0
Fighting       | 2 3 4 |  4.9
Throwing       | 2 3 5 6 |  6.5
Maces & Flails | |  0.2

Action                   |  1- 3 |  4- 6 |  7- 9 | 10-12 || total
-------------------------+-------+-------+-------+-------++-------
Melee: Club              |    23 |       |       |       ||    23
       Short sword       |     9 |       |       |       ||     9
       Punch             |     2 |       |       |       ||     2
       Dagger            |    77 |   142 |   424 |   364 ||  1007
Throw: Javelin           |       |       |    17 |    29 ||    46
       Boomerang         |       |       |    24 |    70 ||    94
Invok: Heroism           |       |       |       |     1 ||     1
Evoke: Wand              |       |     4 |       |     2 ||     6
  Use: Scroll            |     5 |     4 |     8 |     6 ||    23
       Potion            |       |       |     3 |     2 ||     5
 Stab: Sleeping          |       |     4 |     7 |     4 ||    15
       Distracted        |       |       |       |     1 ||     1
Armor: Leather armour    |    22 |       |       |       ||    22
       Robe              |    18 |    40 |    71 |    45 ||   174
       Acid dragon scale |       |       |       |    12 ||    12
Dodge: Dodged            |    57 |    65 |   149 |   219 ||   490
Block: Other             |     8 |    34 |     9 |       ||    51
       Reflection        |       |     1 |     6 |     6 ||    13
       Buckler           |       |       |   123 |   171 ||   294
